 Dungeon Crawl Stone Soup version 0.21-a0-26-g7b23a2f (webtiles) character file.

151529 Goblin1989 the Spry (level 18, -4/120 HPs)
             Began as a Kobold Berserker on May 23, 2017.
             Was a High Priest of Trog.
             Blown up by an orb spider (43 damage)
             ... with an orb of destruction
             ... on level 2 of the Spider Nest on May 25, 2017.
             The game lasted 02:16:34 (38038 turns).

Goblin1989 the Spry (Kobold Berserker)             Turns: 38038, Time: 02:16:35

Health: -4/120     AC:  7    Str: 16    XL:     18   Next: 18%
Magic:  0/9        EV: 28    Int: 17    God:    Trog [*****.]
Gold:   1341       SH: 12    Dex: 20    Spells: 17/17 levels left

rFire    + + .     SeeInvis +   a - +9 quick blade (antimagic)
rCold    + . .     Gourm    .   C - +0 buckler
rNeg     + . .     Faith    .   P - +2 ring mail of Emucho {+Inv Int+6 Stlth+}
rPois    +         Spirit   +   X - -2 hat of the Alchemist {rElec rPois rF+ rC+ rN+ MR+ rMut rCorr}
rElec    +         Reflect  +   K - scarf {Spirit}
rCorr    +         Harm     .   j - +0 pair of gloves
rMut     +                      e - +0 pair of boots
MR       +++..                  N - +5 amulet of reflection
Stlth    ++++++++..             x - ring of Esygy {rF+ SInv}
Regen    0.3/turn               S - ring "Neniolocs" {MR+ Stlth+}
MPRegen  0.2/turn

@: no status effects
A: carnivore 3, clever 1, sense surroundings 1, screaming 1
a: Berserk, Trog's Hand, Brothers in Arms, Burn Spellbooks, Renounce Religion,
Evoke Invisibility


You were on level 2 of the Spider Nest.
You worshipped Trog.
Trog was extremely pleased with you.
You were very full.

You visited 4 branches of the dungeon, and saw 25 of its levels.
You also visited: Sewer and Ice Cave.

You collected 2923 gold pieces.
You spent 1582 gold pieces at shops.

Inventory:

Hand Weapons
 a - a +9 antimagic quick blade (weapon)
 w - a +4 blowgun {@w1}
 y - a +2 vampiric dagger
 A - a +2 rapier of venom
 O - the +3 quick blade of the Onslaught {flame, rElec rF- rN+++ Int+5}
   (Trog gifted it to you on level 9 of the Dungeon)

   It has been specially enchanted to burn those struck by it, causing extra
   injury to most foes and up to half again as much damage against particularly
   susceptible opponents.
   It affects your intelligence (+5).
   It makes you vulnerable to fire.
   It insulates you from electricity.
   It renders you almost immune to negative energy.
 Q - the +5 short sword of Due Proportion {holy, Dex+2}
   (Trog gifted it to you on level 11 of the Dungeon)

   It has been blessed by the Shining One to cause great damage to the undead
   and demons.
   It affects your dexterity (+2).
Missiles
 g - 8 curare-tipped needles
 i - 4 needles of sleeping
 G - 12 needles of confusion
 J - 6 needles of frenzy
 Z - 3 throwing nets (quivered) {!d}
Armour
 e - a +0 pair of boots (worn)
 j - a +0 pair of gloves (worn)
 C - a +0 buckler (worn)
 K - a scarf of spirit shield (worn)
 P - the +2 ring mail of Emucho (worn) {+Inv Int+6 Stlth+}
   (You found it on level 5 of the Dungeon)

   It affects your intelligence (+6).
   It lets you turn invisible.
   It makes you more stealthy.
 X - the -2 hat of the Alchemist (worn) {rElec rPois rF+ rC+ rN+ MR+ rMut rCorr}
   (You bought it in a shop on level 2 of the Orcish Mines)

   It protects you from fire.
   It protects you from cold.
   It insulates you from electricity.
   It protects you from poison.
   It protects you from negative energy.
   It affects your resistance to hostile enchantments.
   It protects you from acid and corrosion.
   It protects you from mutation.
Jewellery
 f - an uncursed ring of protection from fire
 x - the ring of Esygy (left hand) {rF+ SInv}
   (You found it on level 8 of the Dungeon)

   [ring of see invisible]

   It protects you from fire.
   It lets you see invisible.
 F - the ring of Kacvu {rElec rN+ MR+ Str+4}
   (You took it off an orc on level 7 of the Dungeon)

   [ring of strength]

   It affects your strength (+4).
   It insulates you from electricity.
   It protects you from negative energy.
   It affects your resistance to hostile enchantments.
 H - the amulet "Piwu" {+Blink +Rage rElec Int-2}
   (You found it on level 7 of the Dungeon)

   [amulet of rage]

   It affects your intelligence (-2).
   It insulates you from electricity.
   It lets you blink.
   It lets you go berserk.
 N - a +5 amulet of reflection (around neck)
 S - the ring "Neniolocs" (right hand) {MR+ Stlth+}
   (You found it on level 7 of the Dungeon)

   [ring of stealth]

   It affects your resistance to hostile enchantments.
   It makes you more stealthy.
Wands
 l - a wand of iceblast (10/15)
 v - a wand of lightning (8/15)
 E - a wand of enslavement (14/24)
 I - a wand of iceblast (11/15)
 L - a wand of lightning (4/15)
 U - a wand of iceblast (8/15)
Scrolls
 b - 2 scrolls of recharging
 m - 2 scrolls of fear
 o - a scroll of summoning
 s - 2 scrolls of holy word
 B - 2 scrolls of blinking
 M - 6 scrolls of magic mapping
 R - a scroll of identify {@r1}
 T - 10 scrolls of teleportation {!r, @r3}
 V - 6 scrolls of remove curse {@r2}
 W - 3 scrolls of fog
 Y - a scroll of immolation
Potions
 h - 17 potions of curing {@q1}
 n - 11 potions of might
 p - 3 potions of flight
 q - 3 potions of ambrosia
 r - 10 potions of heal wounds {@q2, !q}
 t - 4 potions of agility
 u - 5 potions of haste {@q3, !q}
Books
 d - a book of Misfortune

   Spells                             Type                      Level
   a - Confusing Touch                Hexes                        1
   b - Confuse                        Hexes                        3
   c - Gell's Gravitas                Translocation                3
   d - Petrify                        Transmutation/Earth          4
   e - Metabolic Englaciation         Hexes/Ice                    5
   f - Yara's Violent Unravelling     Hexes/Transmutation          5
   Trog disapproves of the use of such an item.
Miscellaneous
 D - a box of beasts
Comestibles
 c - 11 meat rations {@e2}
 k - 6 royal jellies


   Skills:
 + Level 16.0 Fighting
 * Level 13.6 Short Blades
 - Level 5.6 Throwing
 - Level 1.5 Armour
 + Level 17.2 Dodging
 + Level 17.1 Stealth
 - Level 5.6 Shields
 - Level 15.0 Evocations


You had 17 spell levels left.
You didn't know any spells.

Dungeon Overview and Level Annotations

Branches:
Dungeon (15/15)            Temple (0/1) D:6            Lair (6/6) D:8
 Shoals (0/4) Lair:2       Spider (2/4) Lair:2        Slime (0/5) Lair:6
    Orc (2/2) D:12            Elf (0/3) Orc:2        Vaults (0/5) D:13
 Depths (0/5) D:15

Altars:
Fedhas
Hepliaklqana
Kikubaaqudgha
Vehumet
Xom
Beogh
Jiyva

Shops:
D:4 [   D:7 [   D:15 *   Orc:2 [?}:

Annotations:
D:4 exclusion: oklob plant
D:14 vuev's ghost, legendary MiFi
Spider:2 exclusion: Arachne


Innate Abilities, Weirdness & Mutations

You are small and have problems with some larger weapons.
You are carnivorous and can eat meat at any time.
Your mind is acute. (Int +2)
You passively map a small area around you.
You occasionally shout uncontrollably at your foes.


Message History

Arachne is almost dead.
Arachne casts a spell at you.
The poison arrow reflects off an invisible shield around you!
The poison arrow hits Arachne.
Arachne partially resists.
Arachne is poisoned.
You puncture Arachne!
Arachne's magic leaks into the air.
Arachne is almost dead.
The orb spider weaves a glowing orb of energy.
An orb of destruction comes into view.
You hit Arachne.
Arachne's magic leaks into the air.
Arachne is almost dead.
Arachne completely misses you.
You puncture Arachne!
You kill Arachne!
Trog accepts your kill.
Trog appreciates your killing of a magic user.
You feel your strength returning.
Items here: $ ? | † a staff of poison; a scroll labeled WOLLAR HODA; 30 gold pieces the corpse of Arachne The orb of destruction hits you!
You hear an angry hiss.
You take 44 damage, and have 76/120 hp.
MASSIVE DAMAGE!!
You now have 5/9 mp.
A wolf spider comes into view.
Items here: $ ? | † a staff of poison; a scroll labeled WOLLAR HODA; 30 gold pieces the corpse of Arachne The orb spider begins to weave its threads into a brightly glowing ball.
The wolf spider completely misses you. You block the wolf spider's attack.
The wolf spider hits you! The wolf spider completely misses you.
You take 10 damage, and have 67/120 hp.
You now have 4/9 mp.
You puncture the wolf spider!
The wolf spider is lightly wounded.
You puncture the wolf spider!
The wolf spider is moderately wounded.
The wolf spider hits you but does no damage.
The wolf spider completely misses you.
Your ring mail of Emucho prevents you from hitting the wolf spider.
The wolf spider is moderately wounded.
You puncture the wolf spider!
The wolf spider is heavily wounded.
The wolf spider misses you. You block the wolf spider's attack.
You puncture the wolf spider!
The wolf spider is heavily wounded.
You hit the wolf spider.
The wolf spider is severely wounded.
You block the wolf spider's attack. The wolf spider completely misses you.
You barely miss the wolf spider.
The wolf spider is severely wounded.
You hit the wolf spider.
The wolf spider is severely wounded.
You block the wolf spider's attack. x2
You hit the wolf spider.
The wolf spider is almost dead.
You hit the wolf spider.
The wolf spider is almost dead.
The wolf spider completely misses you.
The wolf spider bites you but does no damage.
You puncture the wolf spider!
You kill the wolf spider!
Trog accepts your kill.
The orb spider weaves a glowing orb of energy.
An orb of destruction comes into view.
The orb spider spins a strand of pure energy.
You hit the orb spider but do no damage.
You barely miss the orb spider. You puncture the orb spider!
The orb spider's magic leaks into the air.
The orb spider is lightly wounded.
The orb spider weaves a glowing orb of energy.
An orb of destruction comes into view.
The orb spider begins to weave its threads into a brightly glowing ball.
You hit the orb spider.
The orb spider's magic leaks into the air.
The orb spider is moderately wounded.
You hit the orb spider.
The orb spider's magic leaks into the air.
The orb spider is moderately wounded.
You puncture the orb spider!
The orb spider's magic leaks into the air.
The orb spider is heavily wounded.
You hit the orb spider.
The orb spider's magic leaks into the air.
The orb spider is heavily wounded.
The orb spider weaves a glowing orb of energy.
An orb of destruction comes into view.
The orb of destruction hits you!
* * * LOW HITPOINT WARNING * * *
The orb spider pulsates with a strange energy.
You take 39 damage, and have 38/120 hp.
MASSIVE DAMAGE!!
You now have 4/9 mp.
You completely miss the orb spider.
The orb spider is heavily wounded.
The orb spider weaves a glowing orb of energy.
The orb of destruction reflects off an invisible shield around you!
The wavering orb of destruction hits the orb spider.
You blow up the orb spider!
Trog accepts your kill.
Unknown command.
The orb of destruction reflects off an invisible shield around you!
The orb of destruction hits you!
You die...

........
█..........█.███....█.█
........
█............██........
........
█........§..█.█......^█
█.......
▓█........§.......?.....
██.....·
█...§.......?..........
████.██
▓▓█........§.█...........
..█.█.
█......§....█..........
....██ ▓▓
█.....§§..███..........
.....█
█.....@....█...|.......
.....█
█........%█...../......


██████ .........█.███>.......... █████ ..█.██████.██ █...........
█...███.██...██▓█.█ ██........██ .....█[██.....█ .██ ███.....███
....█.██.....█...▓ ████.████ █ ......█......██.█ ██..█████ █ .....█.......█.█.█
██.......█ ██ There were no monsters in sight!

Vanquished Creatures
  Arachne (Spider:2)
  Asterion (Spider:2)
  Gastronok (Lair:4)
  Agnes (D:14)
  4 ghost moths (Spider:2)
  Aizul (Spider:1)
  Louise (Spider:2)
  A dire elephant (Lair:6)
  Snorg (D:11)
  Erolcha (D:12)
  2 ice dragons (IceCv)
  4 vault guards (D:13)
  Harold (Lair:1)
  Fannar (D:11)
  7 hydras
  3 catoblepae (Lair:6)
  Erica (Lair:2)
  7 two-headed ogres
  2 centaur warriors (D:14)
  A deep troll shaman (Lair:6)
  3 ogre magi
  3 death yaks (Lair:6)
  A tengu warrior (D:14)
  A fire crab (shapeshifter) (D:13)
  3 unseen horrors
  An unseen horror (shapeshifter) (D:15)
  A wizard (D:13)
  A deep elf archer (D:15)
  2 orc knights
  3 deep elf magi
  7 orb spiders
  A wolf spider zombie (D:13)
  6 ugly things
  11 wolf spiders
  3 manticores
  4 cyclopes
  5 orc sorcerers (Orc:2)
  2 elephants (Lair:6)
  2 ice statues (IceCv)
  3 black mambas (Lair:6)
  2 torpor snails
  10 spiny frogs
  An eye of devastation (shapeshifter) (D:15)
  3 gargoyles
  2 centaur skeletons
  5 komodo dragons
  6 demonic crawlers
  A kobold demonologist (D:11)
  2 yaktaurs (D:15)
  2 freezing wraiths (D:14)
  6 rime drakes
  2 ice devils (Lair:3)
  19 jumping spiders
  9 trolls
  A merfolk (D:12)
  A queen bee (shapeshifter) (D:15)
  5 hornets
  32 blink frogs
  11 dream sheep
  3 slime creatures (D:12)
  19 hippogriffs
  46 redbacks
  A human (D:13)
  48 yaks
  9 tarantellas
  4 wyverns
  2 wraiths
  4 basilisks
  6 vampire mosquitoes
  A human (shapeshifter) (D:13)
  A hungry ghost (D:11)
  2 soldier ants (D:14)
  3 wargs
  An insubstantial wisp (Lair:3)
  10 porcupines
  23 orc warriors
  9 water moccasins
  A meliai simulacrum (D:15)
  7 black bears
  7 ogres
  A phantom (D:6)
  6 sky beasts
  16 ice beasts
  39 wolves
  6 centaurs
  2 big kobolds
  24 crocodiles
  17 bullfrogs
  2 gnoll sergeants
  7 scorpions
  5 killer bees (D:8)
  3 wights (D:11)
  9 howler monkeys
  An electric eel (Lair:5)
  9 crimson imps
  2 bullfrog zombies
  3 quasits
  4 centaur zombies
  8 hounds
  15 orc priests
  5 jellies
  2 bullfrog skeletons
  5 iguanas
  40 orc wizards
  14 worker ants
  2 hell rats (Lair:5)
  3 hound zombies
  A hound skeleton (D:6)
  2 worker ant zombies
  16 gnolls
  12 river rats
  19 adders
  5 shadow imps
  2 oozes
  3 adder zombies
  An adder skeleton (D:9)
  3 worms
  A dart slug (D:3)
  6 leopard geckos
  109 orcs
  9 ball pythons
  10 bats
  9 giant cockroaches
  10 goblins
  9 hobgoblins
  15 jackals
  28 kobolds
  6 quokkas
  10 frilled lizards
  3 leopard gecko zombies
  29 rats
1000 creatures vanquished.

Vanquished Creatures (collateral kills)
  An entropy weaver (Spider:2)
  A vault guard (D:13)
  A hydra (Lair:4)
  The ghost of mcbry the Grappler, a novice TrMo of Qazlal (D:10)
  An ogre mage (Orc:2)
  Nergalle (Orc:2)
  Sonja (Orc:2)
  An orb spider (Spider:2)
  3 orc sorcerers
  A wraith (D:12)
  An eye of draining (D:12)
  2 orc priests (D:12)
  6 orc wizards (Orc:2)
  2 orcs (Orc:2)
23 creatures vanquished.

Vanquished Creatures (others)
  A centaur warrior (D:13)
  3 centaurs (D:14)
  2 orc wizards (Orc:2)
  3 orcs
  15 fungi
  13 plants
37 creatures vanquished.

Grand Total: 1060 creatures vanquished

Notes
Turn   | Place    | Note
-------+----------+-------------------------------------------
     0 | D:1      | Goblin1989 the Kobold Berserker began the quest for the Orb.
     0 | D:1      | Reached XP level 1. HP: 14/14 MP: 1/1
   372 | D:1      | Reached XP level 2. HP: 19/19 MP: 2/2
   460 | D:1      | Reached skill level 1 in Stealth
   804 | D:1      | Reached XP level 3. HP: 23/23 MP: 3/3
  1095 | D:1      | Reached ** piety under Trog
  1343 | D:2      | Goblin1989: =totaldur.lg goblin1989
  1343 | D:2      | beem: 1985 games for goblin1989: 45d+16:47:23
  1343 | D:2      | Goblin1989: =totaldur.lg yermak
  1343 | D:2      | beem: 3087 games for yermak: 226d+12:06:37
  1343 | D:2      | Goblin1989: !lg goblin1989 s=-god
  1343 | D:2      | beem: 1985 games for goblin1989: Wu Jian, 2x Pakellas, 3x Jiyva, 3x Beogh, 4x Zin, 5x Yredelemnul, 6x Sif Muna, 6x Nemelex Xobeh, 7x The Shining One, 7x Kikubaaqudgha, 10x Qazlal, 10x Uskayaw, 15x Fedhas, 17x Xom, 18x Vehumet, 19x Elyvilon, 25x Hepliaklqana, 30x Dithmenos, 32x Ashenzari, 33x Lugonu, 42x Ru, 58x Cheibriados, 93x Makhleb, 96x Trog, 119x Gozag, 137x Okawaru, 1187x
  1343 | D:2      | Goblin1989: http://crawl.berotato.org/crawl/morgue//Goblin1989/morgue-Goblin1989-20150809-003214.txt
  1579 | D:2      | Reached XP level 4. HP: 22/29 MP: 4/4
  1802 | D:2      | Reached skill level 5 in Short Blades
  2170 | D:2      | Reached XP level 5. HP: 28/33 MP: 5/5
  2999 | D:3      | Reached *** piety under Trog
  3030 | D:3      | Reached skill level 1 in Throwing
  3030 | D:3      | Reached XP level 6. HP: 37/38 MP: 6/6
  3389 | D:4      | Found Xeerit's Armour Emporium.
  3485 | D:4      | Found a blossoming altar of Fedhas.
  3498 | D:4      | Noticed an oklob plant
  3831 | D:4      | Reached XP level 7. HP: 29/44 MP: 7/7
  4291 | D:5      | Entered Level 5 of the Dungeon
  4518 | D:5      | Got a distressingly furry ring mail
  4529 | D:5      | Identified the +2 ring mail of Emucho {+Inv Int+6 Stlth+} (You found it on level 5 of the Dungeon)
  4538 | D:5      | Received a gift from Trog
  4538 | D:5      | Reached skill level 5 in Stealth
  4602 | D:5      | Reached skill level 5 in Fighting
  4613 | D:5      | Found a glowing drain.
  4617 | Sewer    | Entered a sewer
  4887 | Sewer    | Reached **** piety under Trog
  5060 | Sewer    | Reached XP level 8. HP: 49/49 MP: 8/8
  5445 | D:5      | Reached skill level 1 in Evocations
  6290 | D:6      | Found a hazy altar of Hepliaklqana.
  6319 | D:6      | Found a staircase to the Ecumenical Temple.
  6528 | D:5      | Reached ***** piety under Trog
  6563 | D:6      | Reached skill level 5 in Dodging
  7164 | D:6      | Reached XP level 9. HP: 37/55 MP: 12/12
  7388 | D:6      | Reached skill level 5 in Evocations
  8431 | D:7      | Reached skill level 10 in Short Blades
  8749 | D:7      | Found Zeareiku's Armour Emporium.
  8754 | D:7      | Bought a +0 buckler for 72 gold pieces
  8781 | D:7      | Reached XP level 10. HP: 59/61 MP: 14/14
  8858 | D:7      | Noticed a brown ugly thing
  8871 | D:7      | Killed a brown ugly thing
  8994 | D:7      | Noticed a cyclops
  9005 | D:7      | Killed a cyclops
  9005 | D:7      | Reached skill level 1 in Shields
  9012 | D:7      | Noticed a white ugly thing
  9022 | D:7      | Killed a white ugly thing
  9051 | D:7      | Killed an unseen horror
  9063 | D:7      | Got a scintillating jade ring
  9065 | D:7      | Got a pitted jade ring
  9068 | D:7      | Got a twitching ruby amulet
  9082 | D:7      | Got a crude steel ring
  9093 | D:7      | Identified the amulet "Piwu" {+Blink +Rage rElec Int-2} (You found it on level 7 of the Dungeon)
  9094 | D:7      | Identified the ring "Neniolocs" {MR+ Stlth+} (You found it on level 7 of the Dungeon)
  9096 | D:7      | Identified the ring "Fenoneni" {Fire Dex+3} (You found it on level 7 of the Dungeon)
  9098 | D:7      | Identified the ring of Kacvu {rElec rN+ MR+ Str+4} (You took it off an orc on level 7 of the Dungeon)
  9560 | D:9      | Noticed a manticore
  9581 | D:9      | Killed a manticore
  9581 | D:9      | Reached XP level 11. HP: 48/67 MP: 17/17
  9854 | D:9      | Noticed a two-headed ogre
  9859 | D:9      | Killed a two-headed ogre
  9865 | D:9      | Received a gift from Trog
  9866 | D:9      | Got a shimmering quick blade {god gift}
  9867 | D:9      | Identified the +3 quick blade of the Onslaught {flame, rElec rF- rN+++ Int+5} (Trog gifted it to you on level 9 of the Dungeon)
  9930 | D:9      | Noticed a cyan ugly thing
  9954 | D:9      | Killed a purple ugly thing
  9968 | D:9      | Got a dull robe
 10006 | D:9      | Identified the cursed +1 robe of Tartarus {MR- Regen+ Stlth+} (You found it on level 9 of the Dungeon)
 10446 | D:10     | Entered Level 10 of the Dungeon
 10524 | D:10     | Got a bloodstained leather armour
 10558 | D:10     | Noticed a two-headed ogre
 10597 | D:10     | Killed a two-headed ogre
 10633 | D:10     | Noticed mcbry's ghost (novice TrMo)
 11074 | D:10     | Killed mcbry's ghost
 11465 | D:10     | Reached skill level 10 in Evocations
 11872 | D:11     | Gained mutation: You expend magic power (3 MP) to strengthen your wands. [a neqoxec]
 12015 | D:11     | Noticed Snorg
 12026 | D:11     | Killed Snorg
 12026 | D:11     | Reached XP level 12. HP: 73/73 MP: 17/19
 12140 | D:11     | Reached skill level 10 in Stealth
 12277 | D:11     | Received a gift from Trog
 12278 | D:11     | Got a warped short sword {god gift}
 12279 | D:11     | Identified the +5 short sword of Due Proportion {holy, Dex+2} (Trog gifted it to you on level 11 of the Dungeon)
 12436 | D:11     | Noticed a five-headed hydra
 12467 | D:11     | Killed a five-headed hydra
 12478 | D:11     | Identified the +3 leather armour "Qets" {MR+ Str+9 Slay-3} (You found it on level 10 of the Dungeon)
 12557 | D:11     | You fall through a shaft!
 12827 | D:12     | Noticed Erolcha
 12829 | D:12     | Killed Erolcha
 13207 | D:12     | Found a staircase to the Orcish Mines.
 13257 | D:12     | Found a roughly hewn altar of Beogh.
 13381 | D:12     | HP: 2/75 [acid (7)]
 13465 | D:12     | Noticed an eight-headed hydra
 13492 | D:12     | Killed an eight-headed hydra
 14056 | D:11     | Upgraded the game from 0.21-a0-13-g3fd62ac to 0.21-a0-19-g210df22
 14157 | D:11     | Noticed Fannar
 14224 | D:11     | Killed Fannar
 14315 | D:11     | Noticed a two-headed ogre
 14330 | D:11     | Killed a two-headed ogre
 14330 | D:11     | Reached XP level 13. HP: 73/80 MP: 19/22
 14602 | D:8      | Got a coiled amber ring
 14604 | D:8      | Identified the ring of Esygy {rF+ SInv} (You found it on level 8 of the Dungeon)
 14995 | D:8      | Found a staircase to the Lair.
 15002 | D:8      | Reached skill level 5 in Shields
 15259 | D:8      | Found a shimmering altar of Xom.
 15816 | Lair:1   | Entered Level 1 of the Lair of Beasts
 16318 | Lair:1   | Noticed Harold
 16329 | Lair:1   | Killed Harold
 16334 | Lair:1   | Reached skill level 10 in Dodging
 16836 | Lair:2   | Noticed Erica
 16838 | Lair:2   | Killed Erica
 16881 | Lair:2   | Found a hole to the Spider Nest.
 17463 | Lair:2   | Reached XP level 14. HP: 87/87 MP: 22/25
 17464 | Lair:2   | Got a brightly glowing leather armour
 17713 | Lair:2   | Noticed Gastronok
 17828 | Lair:2   | Found a staircase to the Shoals.
 17916 | Lair:2   | Reached skill level 15 in Evocations
 18050 | Lair:3   | Found a frozen archway.
 18099 | IceCv    | Entered an ice cave
 18120 | IceCv    | Reached ****** piety under Trog
 18300 | IceCv    | Reached skill level 10 in Fighting
 18410 | IceCv    | Received a gift from Trog
 18792 | IceCv    | Got a slimy brass ring
 18802 | IceCv    | Identified the ring "Pefiwer" {Str+5 Dex+2} (You found it in an ice cave)
 18957 | Lair:3   | Identified the +0 leather armour of Midnight {+Fly rElec rPois Str-3} (You found it on level 2 of the Lair of Beasts)
 18993 | Lair:3   | Reached skill level 5 in Throwing
 19629 | Lair:3   | Reached XP level 15. HP: 62/93 MP: 17/26
 20348 | Lair:4   | Received a gift from Trog
 20938 | Lair:4   | Killed Gastronok
 21208 | Lair:4   | You fall through a shaft for 2 floors!
 21208 | Lair:6   | Entered Level 6 of the Lair of Beasts
 22606 | Lair:5   | Received a gift from Trog
 23619 | Lair:6   | Received a gift from Trog
 24120 | Lair:6   | Reached XP level 16. HP: 103/103 MP: 9/27
 24127 | Lair:6   | Received a gift from Trog
 24198 | Lair:6   | Found a viscous altar of Jiyva.
 24198 | Lair:6   | Found a staircase to the Slime Pits.
 24758 | Lair:6   | Gained mutation: You are weak. (Str -2) [mutagenic glow]
 25959 | Orc:1    | Entered Level 1 of the Orcish Mines
 26309 | Orc:2    | Entered Level 2 of the Orcish Mines
 26639 | Orc:1    | Received a gift from Trog
 27048 | Orc:1    | Upgraded the game from 0.21-a0-19-g210df22 to 0.21-a0-26-g7b23a2f
 27094 | Orc:2    | Reached skill level 15 in Stealth
 27238 | Orc:2    | Found a staircase to the Elven Halls.
 27610 | Orc:2    | Found Jiecsueg's Antique Armour Shoppe.
 27720 | Orc:2    | Received a gift from Trog
 27840 | Orc:2    | Found a radiant altar of Vehumet.
 27846 | Orc:2    | Found Korhaelu's Gadget Shoppe.
 27864 | Orc:2    | Noticed Nergalle
 27870 | Orc:2    | Reached skill level 15 in Dodging
 27880 | Orc:2    | Killed Nergalle
 27884 | Orc:2    | Noticed Sonja
 27887 | Orc:2    | Found a roughly hewn altar of Beogh.
 27887 | Orc:2    | Found Guwur's Book Shoppe.
 28005 | Orc:2    | Bought the -2 hat of the Alchemist {rElec rPois rF+ rC+ rN+ MR+ rMut rCorr} for 1368 gold pieces
 28035 | Orc:2    | Found an ancient bone altar of Kikubaaqudgha.
 28073 | Orc:2    | Killed Sonja
 28093 | Orc:2    | Found Ygucos's Magic Scroll Emporium.
 28148 | Orc:2    | Bought a scroll of enchant weapon for 97 gold pieces
 28148 | Orc:2    | Bought a scroll of immolation for 45 gold pieces
 28743 | D:13     | Lost mutation: You expend magic power (3 MP) to strengthen your wands. [potion of mutation]
 28743 | D:13     | Lost mutation: You are weak. (Str -2) [potion of mutation]
 28743 | D:13     | Gained mutation: You are occasionally teleported next to monsters. [potion of mutation]
 28743 | D:13     | Gained mutation: Your flesh is cold resistant. (rC+) [potion of mutation]
 28743 | D:13     | Gained mutation: Your spells are a little easier to cast, but a little less powerful. [potion of mutation]
 28743 | D:13     | Lost mutation: Your spells are a little easier to cast, but a little less powerful. [potion of mutation]
 28744 | D:13     | Lost mutation: You are occasionally teleported next to monsters. [potion of mutation]
 28744 | D:13     | Lost mutation: Your flesh is cold resistant. (rC+) [potion of mutation]
 28744 | D:13     | Gained mutation: Your mind is acute. (Int +2) [potion of mutation]
 28744 | D:13     | Gained mutation: You passively map a small area around you. [potion of mutation]
 29367 | D:13     | Received a gift from Trog
 29615 | D:13     | Found a gate to the Vaults.
 30335 | D:14     | Reached XP level 17. HP: 84/112 MP: 9/28
 30624 | D:14     | Noticed Agnes
 30651 | D:14     | Killed Agnes
 31089 | D:14     | Noticed vuev's ghost (legendary MiFi)
 31516 | D:15     | Entered Level 15 of the Dungeon
 31676 | D:15     | Gained mutation: You occasionally shout uncontrollably at your foes. [a neqoxec]
 32127 | D:15     | Found Giub's Elemental Accessories.
 32287 | D:15     | Found a staircase to the Depths.
 32333 | D:15     | Reached skill level 15 in Fighting
 33126 | Spider:1 | Entered Level 1 of the Spider Nest
 33146 | Spider:1 | Received a gift from Trog
 33274 | Spider:1 | Noticed Aizul
 33281 | Spider:1 | Killed Aizul
 35442 | Spider:2 | Noticed Arachne
 35723 | Spider:2 | Noticed Asterion
 35757 | Spider:2 | Received a gift from Trog
 35770 | Spider:2 | Killed Asterion
 36683 | Spider:2 | Noticed Louise
 36697 | Spider:2 | Killed Louise
 37384 | Spider:2 | Reached XP level 18. HP: 78/120 MP: 24/29
 37704 | Spider:2 | Received a gift from Trog
 37980 | Spider:2 | Killed Arachne
 38038 | Spider:2 | Blown up by an orb spider

Vault maps used:
D:1:      doesnt_arrival_goblin_jail, minmay_misc_feat_square, roderic_lattice_a
D:2:      dk_noncrumbling_2
D:3:      first_bread
D:4:      serial_shops, kennysheep_little_box, minivault_1, tgw_fedhas
D:5:      kb_forest_paths, gup_sewer_entry_bowl
D:6:      lemuel_doored_altar, minmay_temple_entry_trees,
          kennysheep_opposing_triangles
D:7:      minmay_the_grid_triangle_9x9_rhombus_thin, serial_shops, shop
D:8:      lair_entry_dummy, tgw_xom
D:11:     uniq_snorg, uniq_fannar
D:12:     minmay_orc_entry_temple_small, serial_shops, bzr_entry_islet,
          hangedman_fish_farm, uniq_erolcha
D:13:     grunt_vaults_entry_fortified
D:14:     st_stairs_11, minmay_statues_item, uniq_agnes
D:15:     hangedman_depths_entry_civil_slaughter,
          hangedman_abyss_or_decor_lesser_grid, glass_columns_a,
          nicolae_elemental_shop
Lair:1:   beast_lair_carwin_7, uniq_harold
Lair:2:   minmay_shoals_entry_beasts, spider_nest_entry_a, serial_bayou_pond_c,
          grunt_megastairs_3, uniq_gastronok, uniq_erica
Lair:3:   portal_ice_cave_demonic_guard, pond, grunt_megastairs_4
Lair:4:   grunt_megastairs_5
Lair:5:   kennysheep_rathole, infiniplex_staircase_pool
Lair:6:   grunt_lair_end_beastmaster, slime_altar_1,
          grunt_forest_large_clearings
Spider:1: uniq_aizul
Spider:2: uniq_asterion, uniq_louise, uniq_arachne
Orc:2:    kennysheep_orc_mage_school, uniq_sonja
Sewer:    sewer_minmay_treatment
IceCv:    ice_cave_small_dragons

Skill      XL: |  1  2  3  4  5  6  7  8  9 10 11 12 13 14 15 16 17 18 |
---------------+-------------------------------------------------------+-----
Stealth        | 1 2 3 4 5 6 7 8 9 11 12 13 14 15 16 17 | 17.1
Fighting       | 4 5 6 7 8 9 10 12 14 15 16 | 16.0
Short Blades   | 5 6 7 9 10 11 12 13 | 13.6
Dodging        | 3 4 5 6 7 8 9 10 11 13 15 17 | 17.2
Throwing       | 1 2 3 4 5 |  5.6
Evocations     | 4 6 8 10 12 14 15 | 15.0
Shields        | 2 3 4 5 |  5.6
Armour         | |  1.5

Action                   |  1- 3 |  4- 6 |  7- 9 | 10-12 | 13-15 | 16-18 || total
-------------------------+-------+-------+-------+-------+-------+-------++-------
Melee: Short sword       |    95 |   171 |   595 |   566 |     1 |       ||  1428
       Quick blade       |       |       |       |   109 |  1437 |  1591 ||  3137
       Rapier            |       |       |       |       |       |   255 ||   255
Invok: Berserk           |     1 |       |       |       |       |     2 ||     3
       Trog's Hand       |       |     2 |       |     4 |       |     2 ||     8
       Brothers in Arms  |       |       |       |     3 |     3 |    11 ||    17
       Burn Spellbooks   |       |       |       |       |     1 |     2 ||     3
 Abil: Evoke Invisibilit |       |       |       |    11 |    16 |    14 ||    41
  Use: Scroll            |       |    12 |     1 |     2 |    13 |     5 ||    33
       Potion            |       |       |       |       |     7 |     2 ||     9
 Stab: Sleeping          |     5 |     9 |    26 |    41 |    58 |    66 ||   205
       Distracted        |       |       |     1 |     4 |     7 |    14 ||    26
       Invisible         |       |       |       |    28 |    58 |    50 ||   136
  Eat: Chunk             |    11 |     8 |    16 |    32 |    39 |    50 ||   156
       Royal jelly       |       |       |       |       |       |     2 ||     2
Armor: Animal skin       |    19 |    18 |    12 |       |       |       ||    49
       Ring mail         |       |       |   160 |    71 |    63 |    76 ||   370
Dodge: Dodged            |    67 |   115 |   353 |   307 |   383 |   772 ||  1997
Block: Buckler           |       |       |     2 |    88 |   317 |   546 ||   953
       Reflection        |       |       |       |       |       |    23 ||    23

Vault maps used:
D:1:      doesnt_arrival_goblin_jail, minmay_misc_feat_square, roderic_lattice_a
D:2:      dk_noncrumbling_2
D:3:      first_bread
D:4:      serial_shops, kennysheep_little_box, minivault_1, tgw_fedhas
D:5:      kb_forest_paths, gup_sewer_entry_bowl
D:6:      lemuel_doored_altar, minmay_temple_entry_trees,
          kennysheep_opposing_triangles
D:7:      minmay_the_grid_triangle_9x9_rhombus_thin, serial_shops, shop
D:8:      lair_entry_dummy, tgw_xom
D:11:     uniq_snorg, uniq_fannar
D:12:     minmay_orc_entry_temple_small, serial_shops, bzr_entry_islet,
          hangedman_fish_farm, uniq_erolcha
D:13:     grunt_vaults_entry_fortified
D:14:     st_stairs_11, minmay_statues_item, uniq_agnes
D:15:     hangedman_depths_entry_civil_slaughter,
          hangedman_abyss_or_decor_lesser_grid, glass_columns_a,
          nicolae_elemental_shop
Lair:1:   beast_lair_carwin_7, uniq_harold
Lair:2:   minmay_shoals_entry_beasts, spider_nest_entry_a, serial_bayou_pond_c,
          grunt_megastairs_3, uniq_gastronok, uniq_erica
Lair:3:   portal_ice_cave_demonic_guard, pond, grunt_megastairs_4
Lair:4:   grunt_megastairs_5
Lair:5:   kennysheep_rathole, infiniplex_staircase_pool
Lair:6:   grunt_lair_end_beastmaster, slime_altar_1,
          grunt_forest_large_clearings
Spider:1: uniq_aizul
Spider:2: uniq_asterion, uniq_louise, uniq_arachne
Orc:2:    kennysheep_orc_mage_school, uniq_sonja
Sewer:    sewer_minmay_treatment
IceCv:    ice_cave_small_dragons
